 Dungeon Crawl Stone Soup version 0.17-a0-802-g1f09329 (webtiles) character file.

296 namelastname112 the Twirler (level 6, 0/52 HPs)
             Began as a Draconian Gladiator on Apr 26, 2015.
             Was a Follower of Okawaru.
             Slain by a hound skeleton (1 damage)
             ... on level 5 of the Dungeon.
             The game lasted 00:05:48 (3469 turns).

namelastname112 the Twirler (Draconian Gladiator)   Turns: 3469, Time: 00:05:48

Health: 0/52       AC:  7    Str: 18    XL:     6   Next: 12%
Magic:  6/6        EV: 13    Int: 13    God:    Okawaru [*.....]
Gold:   251        SH:  0    Dex: 13    Spells: 0 memorised, 5 levels left

rFire  . . .     SeeInvis .     a - +0 quarterstaff
rCold  . . .     Clarity  .     (armour unavailable)
rNeg   . . .     SustAb   .     (no shield)
rPois  .         Gourm    .     b - +0 hat
rElec  .         Spirit   .     m - +0 cloak
rCorr  .         Warding  .     (no gloves)
rMut   .         Stasis   .     (no boots)
MR     .....                    (no amulet)
Stlth  +.........               (no ring)
                                s - ring of flight

@: brilliant, not resistant to hostile enchantments, very unstealthy
A: unfitting armour, cold-blooded, AC +6
a: Heroism, Renounce Religion, Evoke Flight


You were on level 5 of the Dungeon.
You worshipped Okawaru.
Okawaru was aware of your devotion.
You were hungry.

You visited 1 branch of the dungeon, and saw 5 of its levels.

You collected 251 gold pieces.

Inventory:

Hand weapons
 a - a +0 quarterstaff (weapon)
Missiles
 c - a throwing net
 t - 4 javelins (quivered)
Armour
 b - a +0 hat (worn)
 m - a +0 cloak (worn)
Jewellery
 s - a ring of flight (left hand)
 y - an uncursed amulet of stasis {unknown}
Magical devices
 j - a wand of polymorph (8)
 n - a wand of magic darts (23)
 u - a wand of frost (20)
Scrolls
 g - 4 scrolls of identify {unknown}
 i - a scroll of random uselessness {unknown}
 k - a scroll of enchant armour {unknown}
 q - a scroll of remove curse {unknown}
 r - 2 scrolls of noise {unknown}
 B - 2 scrolls of immolation {unknown}
Potions
 e - a potion of haste {unknown}
 f - a potion of brilliance
 h - a potion of agility {unknown}
 o - 3 potions of curing {unknown}
 p - a potion of lignification {unknown}
 w - 4 potions of restore abilities {unknown}
 A - a potion of berserk rage {unknown}
Books
 x - a book of Annihilations {highlevel, unknown}

   This book is beyond your current level of understanding.

   Spells                             Type                      Level
   a - Poison Arrow                   Conjuration/Poison           6
   b - Chain Lightning                Conjuration/Air              8
   c - Lehudib's Crystal Spear        Conjuration/Earth            8
   d - Glaciate                       Conjuration/Ice              9
   e - Fire Storm                     Conjuration/Fire             9
 z - a book of Summonings

   Spells                             Type                      Level
   a - Abjuration                     Summoning                    3
   b - Recall                         Summoning/Translocation      3
   c - Shadow Creatures               Summoning                    5
   d - Summon Demon                   Summoning                    5
   e - Summon Forest                  Summoning/Translocation      5
   f - Monstrous Menagerie            Summoning                    6
Comestibles
 d - 4 bread rations
 l - 3 meat rations


   Skills:
 + Level 4.2 Fighting
 * Level 5.1 Staves
 - Level 1.7 Throwing
 + Level 3.9 Dodging


You had 5 spell levels left.
You didn't know any spells.

Dungeon Overview and Level Annotations

Branches:
Dungeon (5/15)             Temple (0/1) D:4

Altars:
Dithmenos
Gozag
Makhleb
Okawaru
Vehumet

Shops:
D:3 *

Annotations:
D:4 Eustachio
D:5 Prince Ribbit


Innate Abilities, Weirdness & Mutations

Your plain brown scales are hard (AC +6).
Your body does not fit into most forms of armour.
You are cold-blooded and may be slowed by cold attacks.


Message History

You hit Prince Ribbit but do no damage.
Prince Ribbit is moderately wounded.
The hound skeleton bites you but does no damage.
Prince Ribbit closely misses you.
The hound skeleton bites you but does no damage.
Prince Ribbit momentarily phases out as your attack passes through him.
Prince Ribbit is moderately wounded.
Prince Ribbit hits you! The hound skeleton bites you.
* * * LOW HITPOINT WARNING * * *
You closely miss Prince Ribbit.
Prince Ribbit is moderately wounded.
Prince Ribbit barely misses you. The hound skeleton bites you.
* * * LOW HITPOINT WARNING * * *
Prince Ribbit hits you!
* * * LOW HITPOINT WARNING * * *
Drink which item? (? for menu, Esc to quit)
It was a potion of brilliance.
You feel clever all of a sudden. The hound skeleton bites you.
You die...

.####....##
#...........^
#.............
#(...........
#............
#.............
#...$.....%..(
#...F(......ยง.
#..@Z..........
##.............
#.............
##............
###..........
##..#######
#...# #..
##..####..#
#...#...#


You could see Prince Ribbit and a hound skeleton.

Vanquished Creatures
  An ogre (D:4)
  A giant frog skeleton (D:4)
  3 worker ants (D:4)
  5 adders
  An ufetubus (D:4)
  2 worms
  3 giant geckos
  6 orcs
  5 bats
  3 giant cockroaches
  4 hobgoblins
  4 kobolds
  A ball python (D:3)
  6 giant newts
  11 goblins
  A quokka skeleton (D:4)
  7 rats
64 creatures vanquished.

Notes
Turn   | Place    | Note
--------------------------------------------------------------
     0 | D:1      | namelastname112, the Draconian Gladiator, began the quest for the Orb.
     0 | D:1      | Reached XP level 1. HP: 17/17 MP: 1/1
    81 | D:1      | Found an iron altar of Okawaru.
   169 | D:1      | Became a worshipper of Warmaster Okawaru
   207 | D:1      | Reached XP level 2. HP: 25/25 MP: 2/2
   815 | D:2      | Found a shadowy altar of Dithmenos.
   953 | D:2      | Reached XP level 3. HP: 21/30 MP: 3/3
  1455 | D:3      | Found Gozag's Platinum Reserve.
  1459 | D:3      | Found an opulent altar of Gozag.
  1484 | D:3      | Found a radiant altar of Vehumet.
  1755 | D:3      | Reached XP level 4. HP: 36/38 MP: 4/4
  1762 | D:3      | Reached skill level 4 in Staves
  2166 | D:4      | Found a burning altar of Makhleb.
  2261 | D:4      | Noticed an ogre
  2287 | D:4      | Killed an ogre
  2287 | D:4      | Reached XP level 5. HP: 29/46 MP: 5/5
  2780 | D:4      | Acquired Okawaru's first power
  2780 | D:4      | Reached skill level 5 in Staves
  2806 | D:4      | Noticed Eustachio
  3047 | D:4      | Reached XP level 6. HP: 49/52 MP: 6/6
  3263 | D:4      | Found a staircase to the Ecumenical Temple.
  3343 | D:5      | Entered Level 5 of the Dungeon
  3441 | D:5      | Noticed Prince Ribbit
  3468 | D:5      | HP: 1/52 [Prince Ribbit (12)]
  3469 | D:5      | Slain by a hound skeleton

Action                   |  1- 3 |  4- 6 || total
-------------------------+-------+-------++-------
Melee: Quarterstaff      |   111 |   122 ||   233
Throw: Throwing net      |       |     6 ||     6
       Javelin           |       |     6 ||     6
Evoke: Wand              |     2 |       ||     2
  Use: Potion            |       |     1 ||     1
 Stab: Sleeping          |       |     1 ||     1
  Eat: Chunk             |     2 |     4 ||     6
       Beef jerky        |       |     1 ||     1
